 Dungeon Crawl Stone Soup version 0.19-a0-593-gf2cdb02 (webtiles) character file.

89287 pk666 the Severer (level 15, -6/216 HPs)
             Began as a Minotaur Berserker on June 10, 2016.
             Was the Champion of Trog.
             Mangled by an entropy weaver (7 damage)
             ... on level 1 of the Spider Nest.
             The game lasted 01:27:23 (27510 turns).

pk666 the Severer (Minotaur Berserker)             Turns: 27510, Time: 01:27:23

Health: -6/216     AC:  4    Str: 31    XL:     15   Next: 48%
Magic:  14/14      EV: 19    Int:  3    God:    Trog [******]
Gold:   2314       SH:  0    Dex: 16    Spells: 0 memorised, 14 levels left

rFire  . . .     SeeInvis .     U - +4 war axe "Xisedghoojen" {pain, Dex+5}
rCold  . . .     Gourm    .     i - +0 chain mail
rNeg   . . .     Faith    .     (no shield)
rPois  +         Spirit   .     x - +1 hat
rElec  .         Dismiss  .     b - +0 cloak
rCorr  .         Reflect  .     k - +0 pair of gloves
SustAt +         Harm     .     g - +0 pair of boots
MR     +....                    (no amulet)
Stlth  ..........               a - ring of poison resistance
                                o - ring of sustain attributes

@: berserking (expiring), lethally poisoned (-6 -> -27), corroded, very quick,
somewhat resistant to hostile enchantments, extremely unstealthy
A: retaliatory headbutt, horns 2, dopey 1
a: Berserk, Trog's Hand, Brothers in Arms, Burn Spellbooks, Renounce Religion


You were on level 1 of the Spider Nest.
You worshipped Trog.
Trog was exalted by your worship.
You were hungry.

You visited 4 branches of the dungeon, and saw 23 of its levels.
You also visited: Labyrinth.

You collected 2644 gold pieces.
You spent 330 gold pieces at shops.

Inventory:

Hand Weapons
 l - a +4 antimagic executioner's axe
 U - the +4 war axe "Xisedghoojen" (weapon) {pain, Dex+5}
   (You took it off an orc wizard on level 4 of the Dungeon)

   In the hands of one skilled in necromantic magic, it inflicts extra damage on
   living creatures.
   It affects your dexterity (+5).
Armour
 b - a +0 cloak (worn)
 g - a +0 pair of boots (worn)
 i - a +0 chain mail (worn)
 k - a +0 pair of gloves (worn)
 x - a +1 hat (worn)
Jewellery
 a - a ring of poison resistance (right hand)
 o - a ring of sustain attributes (left hand)
 L - an uncursed ring of protection from fire
 P - an uncursed ring of flight
 R - an uncursed ring of resist corrosion
Wands
 m - a wand of iceblast (9/15)
 E - a wand of flame (24/48)
 M - a wand of iceblast (8/15)
 V - a wand of hasting (7/9)
 W - a wand of hasting (5/9)
 Y - a wand of disintegration (9/24)
Scrolls
 d - 6 scrolls of identify
 e - 5 scrolls of enchant weapon
 f - 2 scrolls of magic mapping {unknown}
 q - a scroll of remove curse
 t - 3 scrolls of fog
 w - 3 scrolls of fear {unknown}
 y - 14 scrolls of teleportation
 B - a scroll of enchant armour {unknown}
 F - 2 scrolls of random uselessness {unknown}
 G - 2 scrolls of blinking {unknown}
 I - a scroll of holy word {unknown}
 N - 2 scrolls of immolation {unknown}
 Q - a scroll of vulnerability {unknown}
 T - 5 scrolls of recharging
Potions
 h - 7 potions of might
 j - 3 potions of magic
 n - 2 potions of heal wounds
 u - 5 potions of curing
 v - 2 potions of brilliance
 z - a potion of berserk rage
 A - a potion of resistance
 C - 5 potions of lignification
 H - 2 potions of cancellation
 K - 2 potions of invisibility
 O - 3 potions of haste
 S - 3 potions of ambrosia
Books
 D - a Fen Folio

   Spells                             Type                      Level
   a - Corpse Rot                     Necromancy                   2
   b - Stone Arrow                    Conjuration/Earth            3
   c - Leda's Liquefaction            Hexes/Earth                  4
   d - Summon Forest                  Summoning/Translocation      5
   e - Hydra Form                     Transmutation                6
   f - Summon Hydra                   Summoning                    7
   Trog disapproves of the use of such an item.
 J - a book of Battle

   Spells                             Type                      Level
   a - Infusion                       Charms                       1
   b - Shroud of Golubria             Charms/Translocation         2
   c - Song of Slaying                Charms                       2
   d - Spectral Weapon                Hexes/Charms                 3
   e - Regeneration                   Charms/Necromancy            3
   Trog disapproves of the use of such an item.
Comestibles
 c - 18 bread rations
 p - 21 fruits
 r - 18 beef jerkies
 s - 12 meat rations


   Skills:
 + Level 16.2 Fighting
 + Level 16.3 Axes
 + Level 16.3 Armour
 + Level 15.0 Dodging


You had 14 spell levels left.
You didn't know any spells.

Dungeon Overview and Level Annotations

Branches:
Dungeon (13/15)            Temple (0/1) D:4            Lair (6/6) D:11
  Swamp (0/4) Lair:4       Spider (2/4) Lair:3        Slime (0/5) Lair:6
    Orc (2/2) D:12            Elf (0/3) Orc:2
 Vaults: D:13-14

Altars:
Ashenzari
Dithmenos
Elyvilon
Fedhas
Hepliaklqana
Kikubaaqudgha
Makhleb
Nemelex Xobeh
Pakellas
Qazlal
Trog
Xom
Yredelemnul
Zin
Beogh
Jiyva

Shops:
D:5 *=   D:10 :   D:11 }   Orc:2 (:}}

Portals:
Trove: D:10 (give +3 shadow dragon armour)

Annotations:
D:11 exclusion: orange crystal statue


Innate Abilities, Weirdness & Mutations

You reflexively headbutt those who attack you in melee.
You have a pair of horns on your head.
You are dopey. (Int -2)


Message History

There is a stone staircase leading down here.
You are too berserk!
You are too berserk!
You open the tarantella like a pillowcase!!!
You kill the tarantella!
Trog accepts your kill.
You hit the entropy weaver.
You kill the entropy weaver!
Trog accepts your kill.
Trog appreciates your killing of a magic user.
Your Dodging skill increases to level 15!
You hit the entropy weaver but do no damage.
The entropy weaver is lightly wounded.
* * * LOW HITPOINT WARNING * * *
You feel sick.
You slash the entropy weaver!
The entropy weaver is moderately wounded.
* * * LOW HITPOINT WARNING * * *
You feel sick. The entropy weaver hits you!
You die...

............## #######.......#
.######....## ##.#####......# ##
###..# #....####.....# #
##.######.......##.##.# #
##.....#...........#### #
######........#..........###
####..##......................##
................p..............#
...............†@.#.......[...##
......#...........#...........#
......#...........##..........#
......##..........##..........#
......##..........###........##
......##...........##........###
......##..^..........#.........#
.....###^...#......####.#...####
..#####.###.#####.##..#.#####


You could see an entropy weaver.

Vanquished Creatures
  A ghost moth (Spider:2)
  Maud (Lair:3)
  An emperor scorpion (Spider:1)
  A minotaur (Lab)
  5 hydras
  An entropy weaver (Spider:1)
  An ice dragon (Lair:6)
  2 ogre magi (Orc:2)
  6 death yaks (Lair:6)
  The ghost of Amnesiac the Geomancer, a novice DEEE of Vehumet (D:7)
  2 deep trolls (Orc:2)
  A deep elf archer (Orc:2)
  2 orc knights
  6 hill giants
  A lindwurm (Lair:6)
  4 orb spiders
  3 cyclopes
  A manticore (D:12)
  10 wolf spiders
  2 hornets
  A shining eye (Lair:6)
  A griffon (Lair:5)
  A moth of wrath (Spider:1)
  3 elephants (Lair:6)
  6 black mambas
  Joseph (D:7)
  An eye of devastation (Lair:6)
  12 spiny frogs
  6 torpor snails (Lair:6)
  4 demonic crawlers
  4 rime drakes
  6 komodo dragons
  15 jumping spiders
  12 trolls
  7 two-headed ogres
  4 giant leeches (Lair:6)
  Prince Ribbit (Lair:3)
  9 polar bears
  Grinder (D:3)
  24 blink frogs
  5 slime creatures (D:12)
  2 raiju (Lair:6)
  Sigmund (D:4)
  A spriggan (D:7)
  A shadow (D:11)
  6 tarantellas
  26 redbacks
  25 yaks
  A wraith (D:11)
  Eustachio (D:5)
  3 basilisks
  8 hippogriffs
  Grum (D:9)
  A hungry ghost (D:9)
  7 wargs
  3 insubstantial wisps (Lair:4)
  8 hell hounds (Lair:6)
  6 porcupines
  16 water moccasins
  16 black bears
  3 sky beasts
  4 wasps (Lair:6)
  14 orc warriors
  An eye of draining (D:12)
  A phantom (D:10)
  A necrophage (D:6)
  23 wolves
  25 ogres
  18 centaurs
  19 crocodiles
  A big kobold (D:11)
  A gnoll sergeant (D:11)
  15 giant frogs
  7 scorpions
  9 killer bees (D:10)
  4 wights (D:7)
  2 howler monkeys (D:5)
  3 crimson imps
  A centaur zombie (D:11)
  A jelly (D:9)
  2 giant frog zombies
  19 orc wizards
  15 hounds
  2 giant frog skeletons
  19 orc priests
  Crazy Yiuf (D:2)
  2 centaur skeletons
  Jessica (D:3)
  13 iguanas
  Natasha (thrice) (D:4)
  6 worker ants
  6 hell rats (Lair:3)
  4 sheep (D:11)
  A howler monkey zombie (D:9)
  Robin (D:4)
  5 gnolls (D:11)
  8 adders
  39 river rats
  3 shadow imps
  An adder skeleton (D:7)
  21 worms
  2 dart slugs
  4 giant geckos
  53 orcs
  2 ball pythons
  18 goblins
  11 hobgoblins
  15 jackals
  4 quokkas
  8 bats
  4 giant newts
  11 kobolds
  2 quokka skeletons
  5 rats
  3 fungi
  3 plants (Lair:6)
779 creatures vanquished.

Vanquished Creatures (collateral kills)
  An orb spider (Spider:1)
1 creature vanquished.

Vanquished Creatures (others)
  The ghost of ololoev the Eclecticist, a journeyman DEFE of Sif Muna (Lair:6)
  A redback (Spider:2)
  14 fungi
  30 plants
46 creatures vanquished.

Grand Total: 826 creatures vanquished

Notes
Turn   | Place    | Note
--------------------------------------------------------------
     0 | D:1      | pk666 the Minotaur Berserker began the quest for the Orb.
     0 | D:1      | Reached XP level 1. HP: 19/19 MP: 0/0
   207 | D:1      | Found a sparkling altar of Nemelex Xobeh.
   285 | D:1      | Reached XP level 2. HP: 27/27 MP: 1/1
   747 | D:2      | Found a blossoming altar of Fedhas.
   875 | D:2      | Noticed Crazy Yiuf
   883 | D:2      | Killed Crazy Yiuf
   883 | D:2      | Reached XP level 3. HP: 22/33 MP: 2/2
  1516 | D:2      | Reached ** piety under Trog
  1610 | D:2      | Reached XP level 4. HP: 40/40 MP: 3/3
  1832 | D:3      | Noticed Grinder
  1859 | D:3      | Killed Grinder
  1859 | D:3      | Reached skill level 5 in Fighting
  1859 | D:3      | Reached skill level 5 in Axes
  1859 | D:3      | Reached XP level 5. HP: 8/48 MP: 4/4
  1859 | D:3      | Reached XP level 6. HP: 9/56 MP: 5/5
  2351 | D:3      | Noticed Jessica
  2355 | D:3      | Killed Jessica
  2607 | D:3      | Found a shadowy altar of Dithmenos.
  3040 | D:4      | Found a staircase to the Ecumenical Temple.
  3067 | D:4      | Reached XP level 7. HP: 51/62 MP: 6/6
  3176 | D:4      | Noticed Robin
  3184 | D:4      | Killed Robin
  3188 | D:4      | Reached *** piety under Trog
  3199 | D:4      | Reached skill level 5 in Armour
  3576 | D:4      | Noticed Natasha
  3582 | D:4      | Killed Natasha
  3677 | D:4      | Noticed Natasha
  3681 | D:4      | Killed Natasha
  3693 | D:4      | Noticed Sigmund
  3713 | D:4      | Killed Sigmund
  3713 | D:4      | Reached skill level 5 in Dodging
  3752 | D:4      | Noticed Natasha
  3759 | D:4      | Killed Natasha
  3795 | D:5      | Entered Level 5 of the Dungeon
  4082 | D:5      | Found Muolezey's Jewellery Boutique.
  4273 | D:5      | Reached XP level 8. HP: 69/71 MP: 7/7
  4414 | D:5      | Found Tomorrie's General Store.
  4415 | D:5      | Noticed Eustachio
  4432 | D:5      | Killed Eustachio
  4465 | D:5      | Bought a scroll of teleportation for 42 gold pieces
  4465 | D:5      | Bought a scroll of fog for 28 gold pieces
  5035 | D:6      | Found an ancient bone altar of Kikubaaqudgha.
  5581 | D:7      | Reached **** piety under Trog
  5633 | D:7      | Noticed Amnesiac's ghost (novice DEEE)
  5641 | D:7      | Reached XP level 9. HP: 81/81 MP: 8/8
  5644 | D:7      | Killed Amnesiac's ghost
  5725 | D:7      | Found a glowing silver altar of Zin.
  5736 | D:7      | Noticed Joseph
  5752 | D:7      | Killed Joseph
  5868 | D:7      | Found a burning altar of Makhleb.
  5868 | D:7      | Noticed a cacodemon
  6371 | D:7      | Found a white marble altar of Elyvilon.
  6773 | D:8      | Found a stormy altar of Qazlal.
  7099 | D:8      | Found a blossoming altar of Fedhas.
  7100 | D:8      | Found a hazy altar of Hepliaklqana.
  7326 | D:8      | Found a shattered altar of Ashenzari.
  7357 | D:9      | Found a shimmering altar of Xom.
  7365 | D:9      | Noticed Grum
  7369 | D:9      | Reached XP level 10. HP: 76/91 MP: 9/9
  7386 | D:9      | Killed Grum
  8068 | D:9      | Reached skill level 10 in Fighting
  8241 | D:10     | Entered Level 10 of the Dungeon
  8354 | D:10     | Reached ***** piety under Trog
  8788 | D:4      | Got a fine war axe {pain}
  8789 | D:4      | Identified the +4 war axe "Xisedghoojen" {pain, Dex+5} (You took it off an orc wizard on level 4 of the Dungeon)
  9053 | D:10     | Noticed a hill giant
  9061 | D:10     | Killed a hill giant
  9061 | D:10     | Reached skill level 10 in Axes
  9218 | D:10     | Found a portal to a secret trove of treasure.
  9432 | D:10     | Found an oddly glowing altar of Pakellas.
  9883 | D:10     | Found Cauxadag's Book Boutique.
  9997 | D:10     | Noticed a hill giant
 10003 | D:10     | Killed a hill giant
 10003 | D:10     | Reached skill level 10 in Armour
 10040 | D:10     | Noticed a hill giant
 10191 | D:10     | Killed a hill giant
 10390 | D:11     | Reached XP level 11. HP: 63/101 MP: 10/10
 10595 | D:11     | Found a basalt altar of Yredelemnul.
 11191 | D:11     | Reached skill level 10 in Dodging
 11193 | D:11     | Received a gift from Trog
 11429 | D:11     | Noticed an orange crystal statue
 11492 | D:11     | Found Podann's Gadget Boutique.
 11550 | D:11     | Found a staircase to the Lair.
 11582 | D:11     | Noticed an eight-headed hydra
 11603 | D:11     | Killed an 18-headed hydra
 12037 | Lair:1   | Entered Level 1 of the Lair of Beasts
 12420 | Lair:1   | Got a scorched leather armour
 12431 | Lair:1   | Identified the cursed +1 leather armour of Qiab Ang {rElec} (You found it on level 1 of the Lair of Beasts)
 13157 | Lair:2   | Received a gift from Trog
 13199 | Lair:2   | Reached ****** piety under Trog
 13295 | Lair:2   | Reached XP level 12. HP: 99/112 MP: 11/11
 13861 | Lair:3   | Noticed Prince Ribbit
 13877 | Lair:3   | Killed Prince Ribbit
 14827 | Lair:3   | Received a gift from Trog
 14951 | Lair:3   | Found a hole to the Spider Nest.
 15003 | Lair:3   | Noticed Maud
 15014 | Lair:3   | Killed Maud
 15207 | Lair:3   | Noticed a five-headed hydra
 15210 | Lair:3   | Noticed a five-headed hydra
 15358 | Lair:3   | Killed a seven-headed hydra
 15612 | Lair:3   | Killed a seven-headed hydra
 16370 | Lair:4   | Reached XP level 13. HP: 105/122 MP: 12/12
 16429 | Lair:4   | Found a staircase to the Swamp.
 17336 | Lair:5   | Received a gift from Trog
 17437 | Lair:6   | Entered Level 6 of the Lair of Beasts
 17437 | Lair:6   | Found a viscous altar of Jiyva.
 17437 | Lair:6   | Found a staircase to the Slime Pits.
 17652 | Lair:6   | Noticed ololoev's ghost (journeyman DEFE)
 17878 | Lair:6   | Killed ololoev's ghost
 18953 | Lair:6   | Got a smoking scale mail
 18964 | Lair:6   | Identified the cursed +1 scale mail of Truth {rF++ rC+ Regen+ Slay-5} (You found it on level 6 of the Lair of Beasts)
 19276 | Lair:6   | Received a gift from Trog
 19326 | Lair:6   | Reached XP level 14. HP: 133/133 MP: 5/13
 20058 | Lair:6   | Found a runed door.
 20080 | Lair:6   | Received a gift from Trog
 20784 | Lair:6   | Reached skill level 15 in Fighting
 20794 | Lair:6   | Gained mutation: You are dopey. (Int -2) [a shining eye]
 20801 | Lair:6   | Reached skill level 15 in Axes
 20913 | D:12     | Found a labyrinth entrance.
 20922 | Lab      | Entered a labyrinth
 21119 | Lab      | Reached skill level 15 in Armour
 21188 | D:12     | Found a staircase to the Orcish Mines.
 21208 | D:12     | Found a roughly hewn altar of Beogh.
 21475 | D:12     | Received a gift from Trog
 22061 | Orc:1    | Entered Level 1 of the Orcish Mines
 22461 | Orc:1    | Found a bloodstained altar of Trog.
 22608 | Orc:2    | Entered Level 2 of the Orcish Mines
 22876 | Orc:2    | Found Zammer's Book Shoppe.
 22877 | Orc:2    | Found Faddolacha's Gadget Boutique.
 22878 | Orc:2    | Found Xusuh's Weapon Boutique.
 22990 | Orc:2    | Found Rall's Gadget Shop.
 23065 | Orc:2    | Found a staircase to the Elven Halls.
 23131 | Orc:2    | Received a gift from Trog
 23472 | Spider:1 | Entered Level 1 of the Spider Nest
 23561 | Spider:1 | Reached XP level 15. HP: 16/143 MP: 14/14
 23904 | Spider:1 | HP: 7/143 [poisoned by a redback]
 24571 | D:5      | Bought an uncursed ring of poison resistance for 260 gold pieces
 26503 | Spider:2 | Killed a ghost moth
 26958 | Spider:2 | Received a gift from Trog
 27507 | Spider:2 | HP: 6/216 [entropy weaver (9)]
 27509 | Spider:1 | Reached skill level 15 in Dodging
 27509 | Spider:1 | HP: 2/216 [poisoned by a redback]
 27510 | Spider:1 | Mangled by an entropy weaver

Vault maps used:
D:1:      scummos_arrival_simple_crosswalls, nemelex_altar_shiori
D:2:      fedhas_altar_1, uniq_crazy_yiuf_cottage
D:3:      nicolae_overflow_hidden_temple, minmay_ogre_servants, uniq_grinder,
          uniq_jessica
D:4:      minmay_temple_entry_mist, uniq_sigmund, uniq_robin, uniq_natasha
D:5:      first_bread, serial_shops, nicolae_shop_stone, shop, uniq_eustachio
D:6:      lemuel_round_altar
D:7:      elyvilon_altar_1, lemuel_crystal_altar, the_bakery,
          makhleb_altar_promises_db, uniq_joseph
D:8:      lemuel_round_altar, kennysheep_mini_moat,
          gammafunk_temple_overflow_statue
D:9:      basic_altar, kennysheep_pointless_box, uniq_grum
D:10:     serial_shops, shop, nicolae_trove_entry_diagonal,
          johnstein_pakellas_death_squad
D:11:     lair_0_dummy, basic_altar, serial_shops, shop, minivault_15,
          minmay_misc_feat_square, stair_cage_line, grunt_ministairs_8
D:12:     minmay_orc_entry_temple_small, lab_entry_generic,
          minmay_item_behind_shaft
D:13:     grunt_vaults_entry_tiered, hex_tiny
Lair:2:   nicolae_quartered_pool_little, minivault_24, lemuel_fruit_tree
Lair:3:   nicolae_spider_entry_orb_guardian, lemuel_fruit_fields,
          lemuel_fruit_fields, grunt_megastairs_2, uniq_prince_ribbit2,
          uniq_maud
Lair:4:   minmay_swamp_entry_wisps, serial_bayou_lagoon_a
Lair:6:   wormcave, hangedman_lair_caniforms_friends, slime_altar_1,
          portal_ice_cave_rime
Orc:1:    trog_hazing_becter
Orc:2:    st_orc_open
Lab:      labyrinth_hidden_loot

Skill      XL: |  1  2  3  4  5  6  7  8  9 10 11 12 13 14 15 |
---------------+----------------------------------------------+-----
Fighting       | 4 5 6 8 9 10 12 13 14 15 16 | 16.2
Axes           | 4 5 6 7 9 10 12 13 14 15 16 | 16.3
Armour         | 3 4 6 7 8 10 11 13 14 15 16 | 16.3
Dodging        | 3 4 5 6 8 9 10 12 13 14 15 | 15.0

Action                   |  1- 3 |  4- 6 |  7- 9 | 10-12 | 13-15 || total
-------------------------+-------+-------+-------+-------+-------++-------
Melee: Hand axe          |    51 |    83 |   127 |       |       ||   261
       Headbutt          |    10 |    20 |    60 |   182 |   288 ||   560
       War axe           |       |       |   157 |   615 |  1016 ||  1788
Invok: Berserk           |       |     2 |     5 |     6 |    12 ||    25
       Burn Spellbooks   |       |       |       |     3 |     1 ||     4
       Trog's Hand       |       |       |       |       |     1 ||     1
       Brothers in Arms  |       |       |       |       |     1 ||     1
Evoke: Wand              |       |       |       |     4 |       ||     4
  Use: Scroll            |       |       |     3 |    12 |    10 ||    25
       Potion            |       |       |       |       |     2 ||     2
 Stab: Confused          |       |       |       |     3 |       ||     3
  Eat: Chunk             |     2 |     7 |    16 |    34 |    32 ||    91
       Beef jerky        |       |       |     2 |     1 |     1 ||     4
       Pizza             |       |       |       |       |     3 ||     3
       Fruit             |       |       |       |       |     9 ||     9
       Royal jelly       |       |       |       |       |     1 ||     1
Armor: Animal skin       |     6 |       |       |       |       ||     6
       Chain mail        |     9 |    30 |   143 |   277 |   406 ||   865
Dodge: Dodged            |    31 |    27 |   162 |   468 |   941 ||  1629
